 Dungeon Crawl Stone Soup version bcrawl-1.37.1 (webtiles) character file.

Game seed: 3564934568690321717

252281 diana the Cudgeler (level 7, 0/63 HPs)
             Began as a Sand Dwarf Gladiator on Oct 16, 2022.
             Slain by a sky beast (4 damage)
             ... on level 3 of the Dungeon.
             The game lasted 00:05:41 (2776 turns).

diana the Cudgeler (Sand Dwarf Gladiator)           Turns: 2776, Time: 00:05:41

Health: 0/63       AC:  7    Str: 21    XL:     7   Next: 32%
Magic:  7/7        EV: 15    Int:  8    God:
Gold:   248        SH:  0    Dex: 12    Spells: 6/6 levels left

rFire    . . .     GDR:     28% a - +0 flail
rCold    . . .     SeeInvis .   (shield restricted)
rNeg     . . .     Gourm    .   b - +0 leather armour
rPois    .         Faith    .   c - +0 helmet
rElec    .         Spirit   .   p - +0 cloak
rCorr    .         Reflect  .   q - +0 pair of gloves
MR       .....                  (no boots)
Stlth    +.........             (no amulet)
HPRegen  0.20/turn              (no ring)
MPRegen  0.10/turn              (no ring)

@: swift, flying, hasted, very quick
A: small, slowness 1, armour attunement
a: no special abilities


You were on level 3 of the Dungeon.
You were hungry.

You visited 1 branch of the dungeon, and saw 4 of its levels.

You collected 248 gold pieces.

Inventory:

Hand Weapons
 a - a +0 flail (weapon)
Missiles
 d - 3 throwing nets {=f}
Armour
 b - a +0 leather armour (worn)
 c - a +0 helmet (worn)
 p - a +0 cloak (worn)
 q - a +0 pair of gloves (worn)
Wands
 s - a wand of acid (8)
Scrolls
 g - 5 scrolls of teleportation {unknown}
 h - a scroll of enchant weapon {unknown}
 i - 6 scrolls of identify
 j - a scroll of fog {unknown}
 k - a scroll of remove curse {unknown}
 u - 2 scrolls of fear {unknown}
 y - a scroll of blinking {unknown}
Potions
 m - 2 potions of haste
 n - 5 potions of curing {unknown}
 o - a potion of brilliance {unknown}
 r - a potion of ambrosia {unknown}
 t - a potion of lignification {unknown}
 v - a potion of invisibility {unknown}
 w - a potion of mutation {unknown}
 x - a potion of degeneration {unknown}
 z - 2 potions of agility {unknown}
Comestibles
 e - 7 rations {!d}


   Skills:
 * Level 6.2 Fighting
 + Level 6.3 Maces & Flails
 - Level 2.0 Throwing
 * Level 5.0 Armour
 + Level 3.5 Dodging


You had 6 spell levels left.
You didn't know any spells.
Your spell library contained the following spells:

 Spells                   Type           Power        Failure   Level  Hunger
 Static Discharge         Air            #.....       41%         1    None
 Shock                    Conj/Air       #......      54%         2    ####...
 Swiftness                Chrm/Air       #.......     54%         2    ####...
 Mephitic Cloud           Conj/Pois/Air  #.......     78%         3    #####..
 Lightning Bolt           Conj/Air       #.......     99%         4    ######.


Dungeon Overview and Level Annotations

Branches:
Dungeon (4/12)
 Temple: D:4-7

Altars:
Elyvilon
Zin

Shops:
D:4 }


Innate Abilities, Weirdness & Mutations

You are small and have problems with some larger weapons.
You cover ground slowly.
Armour does not affect your spellcasting.


Message History

* * * LOW HITPOINT WARNING * * *
You see here a ring mail.
The sky beast flickers out of sight!
Something hits you.
* * * LOW HITPOINT WARNING * * *
Something shocks you.
* * * LOW HITPOINT WARNING * * *
There is a stone staircase leading up here.
Something hits you but does no damage.
A rune on the stairs sparks and fizzles.
You climb upwards.
Reactivating autopickup.
There is a stone staircase leading down here.
Something hits you but does no damage.
Deactivating autopickup; reactivate with Ctrl-A.
It was a potion of haste.
You feel yourself speed up. Something hits you but does no damage.
It was a potion of flight.
You feel very buoyant.
You fly up into the air.
Something hits you.
You die...

.###.#####.......................
...............................##
....######.##...........###......
....# #.##.......###..........
..########.##.......# ###).......
......).............# #........
.########..##.......# #........
..######..###.......# ##.######
..........# #...@{.># #.......
.....(....#####.###### ###.....
.#........#..........## #.#...
##.......>#...÷.......# #.....
##........#...........######.#.⌠.
#........#......................
#........##################.#...
#........# #...._ #........#
#.#...


There were no monsters in sight!

Vanquished Creatures
  An ogre (D:4)
  2 orc priests
  A crimson imp (D:4)
  2 orc wizards (D:3)
  3 hounds (D:4)
  Terence (D:2)
  2 worker ants (D:4)
  A hound skeleton (D:4)
  3 adders
  An ooze (D:2)
  4 worms
  5 dart slugs
  5 leopard geckos
  2 orcs
  2 ball pythons
  2 giant cockroaches (D:1)
  3 goblins (D:1)
  12 hobgoblins
  4 jackals (D:3)
  3 quokkas
  9 bats
  7 frilled lizards
  9 kobolds
  A quokka skeleton (D:4)
  3 rats
88 creatures vanquished.

Notes
Turn   | Place    | Note
-------+----------+-------------------------------------------
     0 | D:1      | diana the Sand Dwarf Gladiator began the quest for the Orb.
     0 | D:1      | Reached XP level 1. HP: 19/19 MP: 1/1
   116 | D:1      | Reached skill level 1 in Armour
   116 | D:1      | Reached XP level 2. HP: 26/27 MP: 2/2
   288 | D:1      | Reached XP level 3. HP: 33/33 MP: 3/3
  1024 | D:2      | Reached XP level 4. HP: 14/41 MP: 4/4
  1317 | D:2      | Noticed Terence
  1323 | D:2      | Killed Terence
  1324 | D:2      | Reached skill level 5 in Maces & Flails
  1973 | D:3      | Found a white marble altar of Elyvilon.
  1975 | D:3      | Reached XP level 5. HP: 47/47 MP: 5/5
  2091 | D:3      | Found a glowing silver altar of Zin.
  2151 | D:3      | Reached skill level 5 in Fighting
  2170 | D:3      | Reached XP level 6. HP: 26/56 MP: 6/6
  2607 | D:4      | Found Fukk's Gadget Boutique.
  2673 | D:4      | Reached XP level 7. HP: 55/63 MP: 7/7
  2745 | D:4      | Reached skill level 5 in Armour
  2769 | D:4      | HP: 3/63 [something (5)]
  2776 | D:3      | Slain by a sky beast

Skill      XL: |  1  2  3  4  5  6  7 |
---------------+----------------------+-----
Armour         | 1 2 3 4 5 |  5.0
Fighting       | 4 5 6 |  6.2
Maces & Flails | 5 6 |  6.3
Dodging        | 3 |  3.5
Throwing       | |  2.0

Action                   |  1- 3 |  4- 6 |  7- 9 || total
-------------------------+-------+-------+-------++-------
Melee: Flail             |   116 |   170 |    17 ||   303
  Use: Potion            |       |       |     3 ||     3
  Eat: Chunk             |     4 |    11 |       ||    15
Armor: Leather armour    |    33 |    63 |    13 ||   109
Dodge: Dodged            |    81 |   190 |    18 ||   289
